 Dungeon Crawl Stone Soup version 0.23.2-40-g277498a001 (webtiles) character file.

Game seed: 8727545746809555558

187 BeastOfSaturn the Covered (level 5, -2/41 HPs)
             Began as a Demonspawn Fighter on Oct 8, 2019.
             Killed from afar by Ijyb (15 damage)
             ... with a wand of acid (6)
             ... on level 3 of the Dungeon.
             The game lasted 00:12:23 (4079 turns).

BeastOfSaturn the Covered (Demonspawn Fighter)      Turns: 4079, Time: 00:12:23

Health: -2/41      AC:  3    Str: 17    XL:     5   Next: 39%
Magic:  5/5        EV:  6    Int: 10    God:
Gold:   110        SH: 13    Dex: 12    Spells: 4/4 levels left

rFire    . . .     SeeInvis .   a - +0 war axe
rCold    + . .     Gourm    .   l - +0 large shield
rNeg     . . .     Faith    .   m - +2 ring mail {rPois}
rPois    +         Spirit   .   (no helmet)
rElec    .         Reflect  .   (no cloak)
rCorr    .         Harm     .   (no gloves)
MR       .....                  (no boots)
Stlth    ++........             (no amulet)
HPRegen  0.13/turn              n - ring of protection from cold
MPRegen  0.09/turn              (no ring)

@: corroded, lightly drained
A: claws 1, nightstalker 1
a: no special abilities


You were on level 3 of the Dungeon.
You were not hungry.

You visited 1 branch of the dungeon, and saw 3 of its levels.

You collected 110 gold pieces.

Inventory:

Hand Weapons
 a - a +0 war axe (weapon)
 s - a +2 quarterstaff of chaos
Armour
 l - a +0 large shield (worn)
 m - a +2 ring mail of poison resistance (worn)
 t - a +0 cloak
Jewellery
 h - an uncursed ring of flight
 n - a ring of protection from cold (left claw)
 o - an uncursed ring of protection from cold
Scrolls
 c - a scroll of enchant weapon {unknown}
 e - 3 scrolls of immolation
 i - a scroll of blinking {unknown}
 k - 6 scrolls of identify
 p - a scroll of fog {unknown}
 r - a scroll of teleportation
Potions
 b - a potion of invisibility {unknown}
 d - 2 potions of might
 g - 3 potions of haste {unknown}
 j - a potion of curing {unknown}
 q - a potion of magic {unknown}
 v - a potion of lignification {unknown}
Comestibles
 f - 4 rations


   Skills:
 + Level 3.3(3.2) Fighting
 * Level 3.3(3.2) Axes
 * Level 3.9(3.8) Armour
 + Level 0.5 Dodging
 + Level 0.2(0.1) Stealth
 + Level 3.4 Shields


You had 4 spell levels left.
You didn't know any spells.
Your spell library contained the following spells:

 Spells                   Type           Power        Failure   Level  Hunger
 Summon Butterflies       Summ           #.......     100%        1    ##.....
 Call Canine Familiar     Summ           #.......     100%        3    ####...
 Summon Ice Beast         Ice/Summ       #.......     100%        4    #####..
 Summon Mana Viper        Hex/Summ       #.......     100%        5    ######.
 Summon Hydra             Summ           #.........   100%        7    #######


Dungeon Overview and Level Annotations

Branches:
Dungeon (3/15)

Altars:

Annotations:
D:3 Ijyb


Innate Abilities, Weirdness & Mutations

You have sharp fingernails.
You are slightly more attuned to the shadows.


Message History

You barely miss Ijyb.
Ijyb is moderately wounded.
You block Ijyb's attack. Ijyb hits you with a +0 dagger.
Your shield prevents you from hitting Ijyb.
Ijyb is moderately wounded.
You block Ijyb's attack.
You hit Ijyb but do no damage.
Ijyb is moderately wounded.
Ijyb hits you but does no damage. x2
You barely miss Ijyb.
Ijyb is moderately wounded.
Ijyb hits you but does no damage.
You hit Ijyb but do no damage.
Ijyb is moderately wounded.
Ijyb hits you but does no damage.
Ijyb zaps a wand.
The bolt of acid hits you! The acid corrodes you!
You are splashed with acid!
You closely miss Ijyb.
Ijyb is moderately wounded.
Ijyb zaps a wand.
The bolt of acid hits you!
You die...

......# ......#
......# ####### ...#
### ...# ..#
...######## #.#
..........# #g#
..........# #@#
...†......# #.#
........).# #.#####
#.........# #.....#
#####.##############.#
#.# #...........# #.#
#.########### ### #.#
#.# ..# #.# #.#


You could see Ijyb.

Vanquished Creatures
  Crazy Yiuf (D:3)
  Terence (D:2)
  An adder (D:2)
  4 gnolls (D:2)
  3 worms (D:2)
  A dart slug (D:3)
  7 orcs (D:3)
  A ball python (D:2)
  3 giant cockroaches
  7 goblins
  10 hobgoblins
  6 jackals
  9 kobolds
  7 bats
  5 frilled lizards
  5 rats
71 creatures vanquished.

Notes
Turn   | Place    | Note
-------+----------+-------------------------------------------
     0 | D:1      | BeastOfSaturn the Demonspawn Fighter began the quest for
                  | the Orb.
     0 | D:1      | Reached XP level 1. HP: 18/18 MP: 1/1
   166 | D:1      | Gained mutation: You are slightly more attuned to the
                  | shadows. [demonic ancestry]
   166 | D:1      | Reached XP level 2. HP: 18/24 MP: 2/2
  1113 | D:2      | Reached XP level 3. HP: 29/29 MP: 3/3
  1186 | D:2      | Noticed Terence
  1212 | D:2      | Killed Terence
  1348 | D:2      | Gained mutation: You have sharp fingernails. [demonic
                  | ancestry]
  1348 | D:2      | Reached XP level 4. HP: 35/35 MP: 4/4
  2026 | D:2      | Found a faded altar of an unknown god.
  3389 | D:3      | Reached XP level 5. HP: 41/41 MP: 5/5
  3554 | D:3      | Found a runed translucent door.
  3555 | D:3      | Noticed Crazy Yiuf
  3568 | D:3      | Killed Crazy Yiuf
  4069 | D:3      | Noticed Ijyb
  4079 | D:3      | Killed from afar by Ijyb

Skill      XL: |  1  2  3  4  5 |
---------------+----------------+-----
Armour         | 3 |  3.9
Axes           | 2 3 |  3.3
Shields        | 3 |  3.4
Fighting       | |  3.3
Dodging        | |  0.5
Stealth        | |  0.2

Action                   |  1- 3 |  4- 6 || total
-------------------------+-------+-------++-------
Melee: War axe           |   102 |   157 ||   259
  Use: Scroll            |     4 |     1 ||     5
 Stab: Sleeping          |       |     4 ||     4
  Eat: Ration            |     1 |     1 ||     2
       Chunk             |       |     4 ||     4
Armor: Scale mail        |    33 |       ||    33
       Ring mail         |       |    49 ||    49
Dodge: Dodged            |    29 |    31 ||    60
Block: Shield            |    14 |       ||    14
       Large shield      |    46 |   105 ||   151
